[Event "58th Akiba Rubinstein A 2022"]
[Site "Polanica-Zdroj"]
[Date "2022.08.13"]
[Round "1.13"]
[White "Nowak, Filip"]
[Black "Sliwerski, Radoslaw"]
[Result "0-1"]
[ECO "B90"]
[WhiteElo "1957"]
[BlackElo "1951"]
[Annotator "TA"]
[PlyCount "84"]
[EventDate "2022.08.13"]
[EventCountry "POL"]
[SourceTitle "playchess.com"]
[Source "ChessBase"]
[SourceQuality "1"]
[TimeControl "40/5400+30:1800+30"]

1. e4 c5 2. Nf3 d6 3. d4 cxd4 4. Nxd4 Nf6 5. Nc3 a6 6. Be3 e5 7. Nb3 Be6 8. f3 Be7 9. Qd2 O-O 10. O-O-O b5 11. g4 Nbd7 12. g5 Nh5 $1 {[%emt 0:00:03][%mdl 4] is recently more successful than 12...b4.} 13. Nd5 Bxd5 {[%emt 0:00:08] B90: Sicilian Najdorf: Unusual White 6th moves, 6 Be3 Ng4 and 6 Be3 e5.} 14. exd5 f5 15. gxf6 Bxf6 {[%emt 0:00:09] The position is equal.} 16. Na5 Qc7 17. Nc6 Nf4 (17... Bd8 {seems wilder.} 18. Rg1 Nb6 19. Bd3 Nc4) 18. Bxf4 exf4 19. Kb1 {[%emt 0:01:57] [#]} Rae8 $146 ({Predecessor:} 19... Nb6 20. b3 Kh8 21. Rc1 b4 22. Bh3 Rfe8 23. Rcd1 a5 24. Qd3 Re3 25. Qf5 a4 26. Qxf4 axb3 27. cxb3 Re2 28. Rhe1 Nxd5 {0-1 (28) Skovgaard,P (2230)-Vajda,S (2401) Copenhagen 2006}) 20. Re1 Nb6 21. Bd3 Nc4 22. Bxc4 (22. Qxf4 Nxb2 23. Qg4 Rxe1+ 24. Rxe1 Na4 25. Qe6+ Kh8 $17) 22... bxc4 23. Qxf4 Qb6 24. b3 cxb3 $40 {[%emt 0:01:44][%mdl 128] Black is up to no good. Chess con chili.} 25. axb3 Qc5 (25... Qf2 $11 26. Re6 Qc5 27. Qxd6 (27. Rxe8 Rxe8 28. Qd2 h6 $11) 27... Qc3 28. Rxf6 Rxf6) 26. Qc4 $1 $14 {[%emt 0:01:26] Strongly threatening Qxc5.} (26. Rxe8 Rxe8 27. Qc4 Qf2 $17) 26... Qf2 27. Re6 Kh8 (27... Rxe6 $2 28. dxe6 Kh8 29. e7 Bxe7 30. Nxe7 $18) 28. Qe4 (28. Qxa6 $2 Qxf3 29. Rf1 Qc3 30. Rfxf6 gxf6 $19) (28. Rxd6 $2 Re1+ 29. Ka2 Rxh1 $19) 28... Rc8 ({Black should play} 28... Rxe6 $14 29. dxe6 Qc5) 29. Rxd6 $18 Qc5 {[%emt 0:01:11] [#]} (29... Qd2 $142 30. Qd3 Qxd3 31. cxd3 Rfe8) 30. Re6 $1 ({Less strong is} 30. Rxf6 Rxf6 31. Rd1 Qd6 $14) 30... Qc3 {[%emt 0:04:03][%csl Gf6][%cal Rc3b2] [#]} 31. Ne5 $1 {[%emt 0:00:23] d6 is the strong threat.} ({Not} 31. Rxf6 Qxf6 32. Re1 Qd6 $14) 31... Rb8 {[%emt 0:00:34][%cal Ob8b3] ( -> ...Rxb3+!)} 32. Rd1 $4 {[%emt 0:03:11][%mdl 8192] [#]} (32. f4 $18) 32... Rxb3+ $1 $19 {[%emt 0:04:13][%mdl 576] Demolition} 33. cxb3 Qxb3+ 34. Kc1 Qc3+ 35. Qc2 Bg5+ 36. Rd2 Qa1+ (36... Bxd2+ $2 37. Kd1 Be1 38. Qxc3 Bxc3 39. Nc6 $18) 37. Qb1 Bxd2+ 38. Kc2 Qc3+ ({Weaker is} 38... Qd4 39. Qb3 Qf2 40. Kb1 $17) 39. Kd1 {[%emt 0:00:07] Now White is beyond hope.} Bf4 $1 {[%emt 0:01:49][%csl Gf4,LRe5,LRh2][%cal Rc3d2] Black is clearly winning.} 40. Nf7+ Kg8 41. Ke2 Qd2+ 42. Kf1 Qxd5 {[%emt 0:01:13] Weighted Error Value: White=0.50/Black=0.29 (precise)} 0-1

[Event "58th Akiba Rubinstein A 2022"]
[Site "Polanica-Zdroj"]
[Date "2022.08.13"]
[Round "1.14"]
[White "Bugajski, Robert"]
[Black "Smietanska, Wiktoria"]
[Result "1/2-1/2"]
[ECO "D71"]
[WhiteElo "2075"]
[BlackElo "1919"]
[Annotator "NA RC"]
[PlyCount "87"]
[EventDate "2022.08.13"]
[EventCountry "POL"]
[SourceTitle "playchess.com"]
[Source "ChessBase"]
[SourceQuality "1"]
[TimeControl "40/5400+30:1800+30"]

1. c4 Nf6 2. d4 g6 3. g3 Bg7 4. Bg2 O-O 5. Nc3 c6 6. e4 d6 7. Nf3 e5 8. O-O Qe7 9. h3 Nbd7 10. Re1 a5 11. Be3 Rd8 12. Qc2 exd4 13. Nxd4 Nc5 14. Nb3 Nxb3 15. axb3 Qc7 16. Red1 Be6 17. Qd2 Bf8 18. Rac1 h5 19. Bd4 Bg7 20. Qf4 Ne8 21. Bxg7 Kxg7 22. Rd3 Qb6 23. Na4 Qb4 24. Qe3 Nf6 25. Rcd1 Bxc4 26. bxc4 Qxa4 27. e5 Ne8 28. b3 Qb4 29. exd6 Nxd6 30. c5 Re8 31. Qd4+ Qxd4 32. Rxd4 Nb5 33. Rd7 Rab8 34. Bf1 Nc3 35. Ra1 Red8 36. Rxd8 Rxd8 37. Rxa5 Rd1 38. Kg2 Ne4 39. b4 Rb1 40. b5 cxb5 41. Bd3 Rb4 42. Bxe4 Rxe4 43. Rxb5 Re7 44. Kf3 1/2-1/2

[Event "58th Akiba Rubinstein A 2022"]
[Site "Polanica-Zdroj"]
[Date "2022.08.13"]
[Round "1.15"]
[White "Siekanska, Maria"]
[Black "Walkusz, Witoslaw"]
[Result "1-0"]
[ECO "D72"]
[WhiteElo "1964"]
[BlackElo "2001"]
[Annotator "TA"]
[PlyCount "87"]
[EventDate "2022.08.13"]
[EventCountry "POL"]
[SourceTitle "playchess.com"]
[Source "ChessBase"]
[SourceQuality "1"]
[TimeControl "40/5400+30:1800+30"]

1. d4 Nf6 2. c4 g6 3. g3 Bg7 4. Bg2 d5 5. cxd5 Nxd5 6. e4 Nb6 7. Ne2 c5 {[%emt 0:02:08] 7...c5 is better than 7...0-0.} 8. d5 O-O {[%emt 0:01:21] D72: Fianchetto Grünfeld: 5 cxd5 Nxd5 6 e4 Nb6 (without Nf3).} 9. O-O f5 (9... e6 $11 {keeps the balance.}) 10. exf5 (10. Nbc3 $16) 10... Bxf5 $14 {[%emt 0:00:50] White is slightly better.} 11. Nbc3 Na6 12. Nf4 {[%emt 0:12:37] [#]} Qd7 $146 ({Predecessor:} 12... Nc7 13. Be3 Qd6 14. g4 Bc8 15. Ne4 Qd7 16. Nxc5 Qxg4 17. Nfe6 Qxd1 18. Raxd1 Nxe6 19. Nxe6 Bxe6 20. dxe6 Bxb2 21. Bxb7 {1-0 (71) Kortschnoj,V-Katalymov,B Tashkent 1958}) 13. h3 ({White should play} 13. Qe2 $14) 13... c4 {[%emt 0:09:21] [#] White leaves nothing to chance now.} (13... Nb4 $1 $11 {remains equal.}) 14. g4 $1 $16 Bd3 15. Nxd3 cxd3 16. Qxd3 Nb4 {[%emt 0:00:18] [#]} (16... e6 $16) 17. Qe4 $1 $18 Bxc3 18. bxc3 N4xd5 19. Rd1 Nxc3 20. Rxd7 {[%emt 0:00:09] Qe6+ would kill now.} Nxe4 21. Rxb7 Nc3 22. Rxe7 Rae8 23. Rxe8 ({Not} 23. Rxa7 Re1+ 24. Bf1 Ne2+ 25. Kg2 Rxc1 26. Rxc1 Nxc1 $11) 23... Rxe8 24. Bd2 {[%emt 0:00:26] Inhibits Re1+.} Ncd5 (24... Rc8 $142 25. Kh2 Ncd5) 25. Kf1 (25. a4 $142) 25... Kg7 26. Rc1 {[%emt 0:02:01][%cal Oa2a4] aiming for a4!} Kf6 (26... Rd8 $142 27. Kg1 Kf6 28. Rc6+ Kf7) 27. a4 Rd8 (27... Ne7 $142 28. Rc7 Nxa4 29. Rxa7 Nc5) 28. a5 Na4 $2 (28... Nc8 29. Rxc8 Rxc8) 29. Rc4 Nb2 30. Rd4 Ke6 31. Bc3 {[%emt 0:02:21] This bishop pair is nice.} Nd1 32. Rxd5 Rxd5 33. Bxd5+ Kxd5 {[%emt 0:00:07] KB-KN} 34. Bg7 Kc4 35. Ke2 Nc3+ 36. Bxc3 {[%emt 0:00:04] White mates.} Kxc3 {[%emt 0:00:13] KP-KP} 37. f4 Kd4 38. Kf3 a6 39. h4 h5 40. f5 gxf5 41. gxh5 Ke5 42. h6 Kf6 43. Kf4 Kg6 44. h7 {[%emt 0:00:06] Weighted Error Value: White=0.08 (flawless) /Black=0.68} 1-0

[Event "58th Akiba Rubinstein A 2022"]
[Site "Polanica-Zdroj"]
[Date "2022.08.14"]
[Round "2.1"]
[White "Cyborowski, Lukasz"]
[Black "Czechowski, Jakub"]
[Result "1-0"]
[ECO "A00"]
[WhiteElo "2483"]
[BlackElo "2003"]
[Annotator "TA"]
[PlyCount "89"]
[EventDate "2022.08.13"]
[EventCountry "POL"]
[SourceTitle "playchess.com"]
[Source "ChessBase"]
[SourceQuality "1"]
[TimeControl "40/5400+30:1800+30"]

1. g3 Nf6 2. Bg2 g6 3. e4 e5 4. Ne2 Bg7 5. Nbc3 O-O 6. d4 exd4 7. Nxd4 Nc6 8. Nde2 Re8 9. O-O d6 10. h3 Ne5 {[%emt 0:14:27] 10...Rb8 is setting a new trend.} 11. f4 {[%emt 0:11:17] B07: Pirc Defence: Miscellaneous Systems.} Ned7 12. g4 {[%emt 0:03:43] [#]} h6 $146 ({Predecessor:} 12... Nc5 13. Ng3 Bd7 14. g5 Nh5 15. Nxh5 gxh5 16. Qxh5 Bc6 17. f5 Nxe4 18. Nxe4 Bxe4 19. f6 Bf8 20. Bxe4 Rxe4 {½-½ (53) Kazakovskiy,V (2473)-Svidler,P (2723) Chess.com INT 2020}) 13. Ng3 (13. Be3 $1 $14) 13... Nc5 {[%emt 0:02:05] [#]} (13... Rb8 $11) 14. Be3 $1 $16 ({Much worse is} 14. e5 $6 dxe5 15. Qxd8 Rxd8 $11) 14... c6 ({Black should play} 14... Ncd7) 15. e5 $1 Nh7 16. Bxc5 dxc5 17. Qxd8 Rxd8 18. Nce4 b6 {[%emt 0:02:47] [#]} (18... Bf8 $16 {was worth a try.}) 19. Nd6 $1 $18 Bd7 20. Rad1 {[%emt 0:00:58] Threatens to win with Nb7.} Nf8 21. Nge4 Rab8 22. Rd2 {[%emt 0:05:55] White is much more active.} Ne6 23. f5 Bxe5 24. fxe6 Bxe6 25. b3 {[%emt 0:01:13] Inhibits c4.} b5 26. c4 b4 {[%emt 0:00:26] A mistake that costs the game.} (26... a5 $16 27. Rfd1 Bd4+ 28. Kh1 Kg7) 27. Rfd1 Bd4+ 28. Rxd4 cxd4 29. Rxd4 Kf8 30. c5 Bd5 31. Nf2 {[%emt 0:02:10] Pair of Knights!} Bxg2 32. Kxg2 a5 33. Nd3 Rb7 (33... Rd7 $142 34. Ne5 Rc7) 34. Ne5 Rc7 35. Rf4 Kg7 36. Kf3 f6 37. Nec4 Ra7 38. Re4 Rb8 $2 (38... a4 39. Nb6 axb3 40. axb3 Ra3 41. Re7+ (41. Rxb4 Rb8 $18) 41... Kf8 42. Rf7+ Kg8) 39. Nb6 {[%emt 0:00:36] Strongly threatening Nbc8.} Kf8 (39... Rd8 $142 40. Re6 Kh7) 40. Re6 Kg7 (40... Re7 $142 41. Rxf6+ Kg7) 41. h4 {[%emt 0:07:09][%cal Bh3h4,Bh4h5,Bh5g6][%mdl 32] White is clearly winning.} Rd8 42. h5 Rf8 43. Kf4 Rd8 44. Nbc4 Rf8 45. hxg6 {[%emt 0:00:33] Weighted Error Value: White=0.19 (very precise) /Black=0.53} 1-0

[Event "58th Akiba Rubinstein A 2022"]
[Site "Polanica-Zdroj"]
[Date "2022.08.14"]
[Round "2.2"]
[White "Sliwerski, Radoslaw"]
[Black "Razin, Vadim"]
[Result "0-1"]
[ECO "D07"]
[WhiteElo "1951"]
[BlackElo "2428"]
[Annotator "TA"]
[PlyCount "52"]
[EventDate "2022.08.13"]
[EventCountry "POL"]
[SourceTitle "playchess.com"]
[Source "ChessBase"]
[SourceQuality "1"]
[TimeControl "40/5400+30:1800+30"]

1. d4 d5 2. c4 Nc6 3. Nc3 Nf6 4. Nf3 dxc4 5. e4 Bg4 6. Be3 e6 7. Bxc4 Bb4 8. Qc2 O-O 9. Rd1 Qe7 10. Be2 {[%emt 0:03:44] D07: Queen's Gambit: Chigorin Defence.} Bxc3+ 11. bxc3 e5 12. d5 {[%emt 0:11:17] [#] White is slightly better.} (12. h3 {looks sharper.} exd4 13. cxd4 Bh5 14. e5) 12... Bxf3 $146 ({Predecessor:} 12... Na5 13. c4 b6 14. O-O Nd7 15. Rfe1 Nb7 16. Nd2 Bxe2 17. Rxe2 Rfc8 18. Nb3 a5 {½-½ (36) Sabel,R (2337)-Jung,R (2341) GER email 2020}) 13. Bxf3 Na5 14. Qa4 {[%emt 0:05:32] Prevents Nc4.} (14. c4 $16) 14... b6 $14 15. Qb4 (15. O-O $14) 15... Qd6 16. Be2 c5 17. Qa4 Qd7 18. Bb5 (18. Qxd7 $16 Nxd7 19. d6) 18... Qg4 $17 19. O-O Qxe4 20. Bg5 {[%emt 0:00:29] [#] This costs White the game.} (20. Qxe4 $17 Nxe4 21. Bd2) 20... Qxa4 $1 $19 21. Bxa4 Ne4 $1 22. Be7 Nxc3 {[%emt 0:00:35] Pair of Knights!} 23. Bc6 (23. Bc2 $142 Rfe8 24. d6 Nxd1 25. Rxd1) 23... Nxc6 24. Bxf8 Nxd1 ({Stronger than} 24... Rxf8 25. dxc6 Ne2+ 26. Kh1 $17) 25. dxc6 Kxf8 ({Resist} 25... Rxf8 26. Rxd1 Rc8 27. c7 $18) 26. Rxd1 Rc8 {[%emt 0:00:03] Weighted Error Value: White=0.54/Black=0.17 (very precise)} 0-1

[Event "58th Akiba Rubinstein A 2022"]
[Site "Polanica-Zdroj"]
[Date "2022.08.14"]
[Round "2.3"]
[White "Skrzyczek, Tomasz"]
[Black "Koziorowicz, Michal"]
[Result "0-1"]
[ECO "A04"]
[WhiteElo "1909"]
[BlackElo "2231"]
[Annotator "TA"]
[PlyCount "49"]
[EventDate "2022.08.13"]
[EventCountry "POL"]
[SourceTitle "playchess.com"]
[Source "ChessBase"]
[SourceQuality "1"]
[TimeControl "40/5400+30:1800+30"]

1. Nf3 e6 2. g3 b5 3. Bg2 Bb7 4. d4 Nf6 5. O-O Be7 6. a4 b4 7. b3 {[%emt 0:09:45] [#] A46: 1 d4 Nf6 2 Nf3 e6: Torre, London and Colle Systems.} d5 $146 ({Predecessor:} 7... O-O 8. Bb2 c5 9. e3 cxd4 10. Nxd4 d5 11. Nd2 Nbd7 12. f4 Re8 13. g4 e5 14. Nf5 exf4 15. exf4 {0-1 (59) Pappas,K (1969)-Solozhenkin,E (2443) Hersonissos 2017}) 8. c3 Na6 9. cxb4 Nxb4 10. Na3 c5 11. Nc2 Nxc2 12. Qxc2 Rc8 13. Ba3 cxd4 14. Qb2 Bxa3 15. Qxa3 d3 (15... Qe7 $11 {might be stronger.}) 16. exd3 $14 Qe7 17. b4 O-O 18. Qb2 Rc7 19. Rfc1 Rfc8 20. Rxc7 Qxc7 21. b5 Nd7 22. d4 Qa5 23. Qd2 Qc3 24. Qxc3 Rxc3 25. Ne5 {[%emt 0:00:30][%mdl 32768] Weighted Error Value: White=0.07 (flawless) /Black=0.10 (very precise) . Loss on time!?} 0-1

[Event "58th Akiba Rubinstein A 2022"]
[Site "Polanica-Zdroj"]
[Date "2022.08.14"]
[Round "2.4"]
[White "Siekanska, Maria"]
[Black "Paprocki, Antoni"]
[Result "1/2-1/2"]
[ECO "E62"]
[WhiteElo "1964"]
[BlackElo "1981"]
[Annotator "NA RC"]
[PlyCount "82"]
[EventDate "2022.08.13"]
[EventCountry "POL"]
[SourceTitle "playchess.com"]
[Source "ChessBase"]
[SourceQuality "1"]
[TimeControl "40/5400+30:1800+30"]

1. d4 Nf6 2. c4 g6 3. g3 Bg7 4. Bg2 O-O 5. Nf3 d6 6. O-O c6 7. Nc3 Bf5 8. Nh4 Be6 9. b3 d5 10. c5 b6 11. cxb6 axb6 12. Bb2 Nfd7 13. Rc1 Bf6 14. Nf3 Bg4 15. a3 Bxf3 16. Bxf3 e5 17. dxe5 Bxe5 18. Qc2 Nc5 19. Rfd1 Nbd7 20. Bg2 Ne6 21. e3 Qe7 22. b4 b5 23. e4 d4 24. Ne2 c5 25. bxc5 Ndxc5 26. Nxd4 Nxd4 27. Bxd4 Bxd4 28. Rxd4 Ne6 29. Rb4 Rxa3 30. Rcb1 Qa7 31. Qc1 Ra2 32. R1b2 Ra1 33. Rb1 Ra2 34. R4b2 Rxb2 35. Rxb2 Rb8 36. Qb1 Qc5 37. Rb4 Nc7 38. Bf1 Rd8 39. Rb2 Rb8 40. Rb4 Rd8 41. Rb2 Rb8 1/2-1/2

[Event "58th Akiba Rubinstein A 2022"]
[Site "Polanica-Zdroj"]
[Date "2022.08.14"]
[Round "2.5"]
[White "Skrzypczynski, Kacper"]
[Black "Dziewonski, Dariusz"]
[Result "1-0"]
[ECO "D04"]
[WhiteElo "1793"]
[BlackElo "2029"]
[Annotator "NA RC"]
[PlyCount "115"]
[EventDate "2022.08.13"]
[EventCountry "POL"]
[SourceTitle "playchess.com"]
[Source "ChessBase"]
[SourceQuality "1"]
[TimeControl "40/5400+30:1800+30"]

1. d4 d5 2. Nf3 Nf6 3. e3 Bf5 4. c4 e6 5. Qb3 Qc8 6. Nc3 c6 7. Bd2 Nbd7 8. cxd5 exd5 9. Rc1 Rb8 10. Be2 h6 11. O-O Qd8 12. Rfd1 Bd6 13. a3 O-O 14. Be1 Kh8 15. Bd3 Bxd3 16. Rxd3 Ne4 17. Nd2 f5 18. f3 Nxd2 19. Rxd2 Qg5 20. Re2 Rfe8 21. Bf2 Nf6 22. Rce1 Re7 23. Qc2 Rbe8 24. b4 a6 25. Qb1 Qh5 26. h4 Nd7 27. a4 Nb6 28. b5 Nc4 29. bxc6 bxc6 30. Qd3 Bb4 31. Rb1 Bxc3 32. Qxc3 Qf7 33. Rbe1 a5 34. Qd3 Re6 35. Qb1 g6 36. e4 fxe4 37. fxe4 dxe4 38. Rxe4 Nd6 39. Rxe6 Rxe6 40. Rxe6 Qxe6 41. Qb8+ Kg7 42. Qc7+ Kf6 43. Qxa5 Ne4 44. Be3 g5 45. Qd8+ Kg6 46. hxg5 Nxg5 47. Bf2 Ne4 48. a5 Nxf2 49. Kxf2 Qa2+ 50. Kg1 Qe2 51. Qd6+ Kf7 52. Qc7+ Kg8 53. Qc8+ Kg7 54. Qc7+ Kg8 55. Qe5 Qd3 56. Kh2 Kf7 57. Qf4+ Kg7 58. Qg3+ 1-0

[Event "58th Akiba Rubinstein A 2022"]
[Site "Polanica-Zdroj"]
[Date "2022.08.14"]
[Round "2.6"]
[White "Rog, Bartlomiej"]
[Black "Paszkowski, Krystian"]
[Result "1/2-1/2"]
[ECO "B31"]
[WhiteElo "2091"]
[BlackElo "1988"]
[Annotator "NA RC"]
[PlyCount "120"]
[EventDate "2022.08.13"]
[EventCountry "POL"]
[SourceTitle "playchess.com"]
[Source "ChessBase"]
[SourceQuality "1"]
[TimeControl "40/5400+30:1800+30"]

1. e4 c5 2. Nf3 Nc6 3. Bb5 g6 4. Bxc6 dxc6 5. d3 Bg7 6. h3 Nf6 7. Nc3 Nd7 8. Be3 e5 9. Qd2 h6 10. Nh2 b6 11. O-O Nf8 12. a4 a5 13. f4 exf4 14. Bxf4 Ne6 15. Be3 Nd4 16. Rae1 Be6 17. e5 Nf5 18. Nf3 Nxe3 19. Qxe3 Qc7 20. Ne4 O-O-O 21. Nd6+ Rxd6 22. exd6 Qxd6 23. c3 Rd8 24. Rd1 Bxh3 25. d4 Qg3 26. Qe2 Kb7 27. dxc5 Re8 28. Qc2 Bf8 29. Nd4 Bxc5 30. Rxf7+ Ka8 31. Rf3 Re1+ 32. Rxe1 Qxe1+ 33. Rf1 Qe3+ 34. Kh1 Bd7 35. Qxg6 Bxd4 36. cxd4 Qxd4 37. Qxh6 Qxa4 38. Rf4 Qd1+ 39. Kh2 Kb7 40. Qh8 Qd6 41. Qd4 Kc7 42. Qxd6+ Kxd6 43. g4 Ke5 44. Kg3 b5 45. Rf1 c5 46. g5 Bf5 47. Re1+ Kd4 48. Kf4 Bc2 49. Re2 Bb1 50. Rd2+ Kc4 51. Ke5 b4 52. Rd1 Bh7 53. Rc1+ Kb5 54. Rh1 Bc2 55. Rh8 a4 56. Ra8 Kc4 57. Kd6 Kb3 58. Kxc5 a3 59. bxa3 bxa3 60. Rb8+ Kc3 1/2-1/2

[Event "58th Akiba Rubinstein A 2022"]
[Site "Polanica-Zdroj"]
[Date "2022.08.14"]
[Round "2.7"]
[White "Skurniak, Szymon"]
[Black "Majocha, Piotr"]
[Result "1/2-1/2"]
[ECO "C18"]
[WhiteElo "2051"]
[BlackElo "2036"]
[Annotator "NA RC"]
[PlyCount "63"]
[EventDate "2022.08.13"]
[EventCountry "POL"]
[SourceTitle "playchess.com"]
[Source "ChessBase"]
[SourceQuality "1"]
[TimeControl "40/5400+30:1800+30"]

1. e4 e6 2. d4 d5 3. Nc3 Bb4 4. e5 c5 5. a3 Bxc3+ 6. bxc3 Ne7 7. Qg4 Qc7 8. Qxg7 Rg8 9. Qxh7 cxd4 10. Qd3 dxc3 11. Nf3 b6 12. h4 Ba6 13. Qd4 Bxf1 14. Kxf1 Nf5 15. Qa4+ Nd7 16. Bg5 Rc8 17. g4 Ne7 18. h5 Qc4+ 19. Qxc4 Rxc4 20. Bxe7 Kxe7 21. g5 Rf4 22. Rh3 Nc5 23. h6 Ne4 24. Ke2 Rg4 25. h7 Rh8 26. Rah1 Kf8 27. R1h2 Kg7 28. Rh5 Kg6 29. Rh6+ Kg7 30. R6h5 Kg6 31. Rh6+ Kg7 32. R6h5 1/2-1/2

[Event "58th Akiba Rubinstein A 2022"]
[Site "Polanica-Zdroj"]
[Date "2022.08.14"]
[Round "2.8"]
[White "Betkowski, Andrzej"]
[Black "Kasprzak, Lukasz"]
[Result "1/2-1/2"]
[ECO "A45"]
[WhiteElo "2063"]
[BlackElo "1938"]
[Annotator "NA RC"]
[PlyCount "94"]
[EventDate "2022.08.13"]
[EventCountry "POL"]
[SourceTitle "playchess.com"]
[Source "ChessBase"]
[SourceQuality "1"]
[TimeControl "40/5400+30:1800+30"]

1. d4 Nf6 2. Nc3 d5 3. Bf4 a6 4. e3 Bf5 5. f3 c5 6. g4 cxd4 7. exd4 Bg6 8. h4 h6 9. Bd3 Bxd3 10. Qxd3 e6 11. O-O-O Nc6 12. Nge2 Bd6 13. Kb1 Qc7 14. Qe3 O-O-O 15. Na4 Nd7 16. Rd3 Rhe8 17. Bxd6 Qxd6 18. f4 Nf6 19. g5 Ng4 20. Qg3 h5 21. Rb3 Re7 22. Rb6 Qc7 23. Rf1 Rd6 24. Qa3 Red7 25. Rb3 Na5 26. Nb6+ Rxb6 27. Qxa5 Rxb3 28. Qxc7+ Rxc7 29. axb3 Rxc2 30. Ng3 Rh2 31. f5 Rxh4 32. fxe6 fxe6 33. Rf8+ Kc7 34. Rf7+ Kc6 35. Rxg7 Rh3 36. Ne2 Rh1+ 37. Ka2 Ne3 38. g6 a5 39. b4 a4 40. b5+ Kb6 41. Rxb7+ Kxb7 42. g7 Nc2 43. b4 Nxb4+ 44. Ka3 Nd3 45. Ka2 Nb4+ 46. Ka3 Nd3 47. Ka2 Nb4+ 1/2-1/2

[Event "58th Akiba Rubinstein A 2022"]
[Site "Polanica-Zdroj"]
[Date "2022.08.14"]
[Round "2.9"]
[White "Smietanska, Wiktoria"]
[Black "Barwinska, Ewa"]
[Result "1/2-1/2"]
[ECO "B46"]
[WhiteElo "1919"]
[BlackElo "1940"]
[Annotator "NA RC"]
[PlyCount "86"]
[EventDate "2022.08.13"]
[EventCountry "POL"]
[SourceTitle "playchess.com"]
[Source "ChessBase"]
[SourceQuality "1"]
[TimeControl "40/5400+30:1800+30"]

1. e4 c5 2. Nf3 e6 3. d4 cxd4 4. Nxd4 Nc6 5. Nc3 a6 6. Be2 Qc7 7. O-O Nf6 8. Be3 b5 9. a3 Bb7 10. f4 d6 11. Bf3 Be7 12. Re1 O-O 13. Qe2 Nd7 14. Qf2 Bf6 15. Rad1 Nxd4 16. Bxd4 e5 17. Be3 exf4 18. Bxf4 Bxc3 19. bxc3 Ne5 20. Qd4 Rac8 21. Qxd6 Nxf3+ 22. gxf3 Qxc3 23. Be3 Rc6 24. Qe7 Rc7 25. Qd6 Rcc8 26. Qe7 Bc6 27. Re2 Rfe8 28. Qd6 Re6 29. Qd3 Qf6 30. Rg2 Qe7 31. Bg5 Qc7 32. Qd4 Rg6 33. Qd8+ Rxd8 34. Rxd8+ Qxd8 35. Bxd8 Rxg2+ 36. Kxg2 f6 37. Kf2 Kf7 38. Ke3 Ke6 39. Kd4 f5 40. Bg5 h6 41. Bd2 g5 42. Kc5 Ba8 43. Kd4 Bb7 1/2-1/2

[Event "58th Akiba Rubinstein A 2022"]
[Site "Polanica-Zdroj"]
[Date "2022.08.14"]
[Round "2.10"]
[White "Wolanski, Michal"]
[Black "Antoniewicz, Jakub"]
[Result "0-1"]
[ECO "A20"]
[WhiteElo "2005"]
[BlackElo "1931"]
[Annotator "NA RC"]
[PlyCount "82"]
[EventDate "2022.08.13"]
[EventCountry "POL"]
[SourceTitle "playchess.com"]
[Source "ChessBase"]
[SourceQuality "1"]
[TimeControl "40/5400+30:1800+30"]

1. c4 e5 2. g3 Nc6 3. Bg2 f5 4. Nc3 Nf6 5. e3 d5 6. cxd5 Nb4 7. d3 Nfxd5 8. Nge2 Nxc3 9. Nxc3 Qxd3 10. Qxd3 Nxd3+ 11. Ke2 Nxc1+ 12. Raxc1 c6 13. f4 exf4 14. exf4 Be7 15. Rhe1 Kf7 16. Kf1 Be6 17. b3 Rad8 18. Re2 Bb4 19. Nd1 Rhe8 20. Ne3 Bd2 21. Rc2 Bxe3 22. Rxe3 Bc4+ 23. Kf2 Rxe3 24. Kxe3 Rd3+ 25. Kf2 Bd5 26. Ke2 Bxg2 27. Kxd3 Be4+ 28. Kc3 Bxc2 29. Kxc2 Ke6 30. Kc3 Kd5 31. Kd3 a5 32. Ke3 b5 33. Kd3 c5 34. a3 c4+ 35. bxc4+ bxc4+ 36. Kc3 Kc5 37. Kc2 Kd4 38. Kd2 c3+ 39. Kd1 Kc4 40. Kc2 a4 41. h3 h5 0-1

[Event "58th Akiba Rubinstein A 2022"]
[Site "Polanica-Zdroj"]
[Date "2022.08.14"]
[Round "2.11"]
[White "Hetzer, Volkhard"]
[Black "Bugajski, Robert"]
[Result "1/2-1/2"]
[ECO "B50"]
[WhiteElo "1921"]
[BlackElo "2075"]
[Annotator "NA RC"]
[PlyCount "82"]
[EventDate "2022.08.13"]
[EventCountry "POL"]
[SourceTitle "playchess.com"]
[Source "ChessBase"]
[SourceQuality "1"]
[TimeControl "40/5400+30:1800+30"]

1. e4 c5 2. Nf3 d6 3. Bc4 Nc6 4. O-O Nf6 5. d3 e6 6. Bb3 Be7 7. c3 O-O 8. Re1 b6 9. d4 Bb7 10. Nbd2 cxd4 11. Nxd4 Rc8 12. Bc2 Qc7 13. Bd3 Rfd8 14. Qe2 Ne5 15. Bb1 d5 16. f4 Ng6 17. e5 Nd7 18. N2f3 Nc5 19. f5 Ba6 20. Qe3 Nf8 21. Rd1 Ne4 22. fxe6 fxe6 23. Bxe4 dxe4 24. Qxe4 Bb7 25. Qg4 Bxf3 26. Qxf3 Qxe5 27. Bf4 Qd5 28. Qxd5 Rxd5 29. Nf3 Rf5 30. Be3 Rb5 31. Rd2 Bf6 32. Rad1 Ra5 33. a3 Rb5 34. Bd4 e5 35. Be3 Ne6 36. Kf2 e4 37. Nd4 Nxd4 38. Bxd4 Bxd4+ 39. cxd4 Rb3 40. Re1 Rd3 41. Rde2 Rxd4 1/2-1/2